Little Stars vs Punishers (R1)

Created - November 28, 2023 at 19:01

Goals
1 2 3 T
Little Stars 0 2 2 4
Punishers 3 2 1 6
Shots
1 2 3 T
Little Stars 11 10 9 30
Punishers 15 15 11 41

1st period

1. Punishers , Corey Tropp 9 (Ben Betker 5, John Quenneville 11) at 7:52 (PP)
2. Punishers , Anton Blidh 11 (John Quenneville 12, Corey Tropp 6) at 8:06
3. Punishers , Anton Blidh 12 (John Quenneville 13, Ben Betker 6) at 13:58 (PP)

Penalties :
Matt Luff (Tex) for Slashing (Minor) at 4:01, Matt Luff (Tex) for Interference (Minor) at 7:38, Emile Poirier (Tex) for Hooking (Minor) at 13:08, Ben Betker (Pro) for Hooking (Minor) at 14:09

2nd period

4. Little Stars , Justin Auger 2 (Radel Fazleev 6) at 0:59
5. Punishers , Corey Tropp 10 (Anton Blidh 12, John Quenneville 14) at 1:59
6. Punishers , Anton Blidh 13 (John Quenneville 15) at 2:11
7. Little Stars , Emile Poirier 7 (Reece Willcox 10, Shane Gersich 4) at 13:45

Penalties :
John Quenneville (Pro) for Delaying the game (Minor) at 13:58, Nicolas Beaudin (Pro) for Tripping (Minor) at 19:07

3rd period

8. Little Stars , Daniel O'regan 16 (Adam Tambellini 17, Ilya Mikheyev 22) at 5:53 (PP)
9. Little Stars , Adam Tambellini 16 (Ilya Mikheyev 23, Wiley Sherman 7) at 8:45 (PP)
10. Punishers , Austen Brassard 3 (Oskar Lindblom 11, Antoine Bibeau) at 19:27 (PP)

Penalties :
Kole Lind (Pro) for Elbowing (Minor) at 1:30, Kevin Roy (Pro) for Roughing (Minor) at 5:35, John Quenneville (Pro) for Tripping (Minor) at 7:02, Austen Brassard (Pro) for Hooking (Minor) at 15:49, Joakim Nygard (Tex) for Hooking (Minor) at 18:28

Goalie Stats

Danil Tarasov (Tex), 16 saves from 21 shots - (0.762), L, 3-1-1, 22:11 minutes
Michael Houser (Tex), 19 saves from 20 shots - (0.950), 37:49 minutes
Antoine Bibeau (Pro), 26 saves from 30 shots - (0.867), W, 5-4-0, 60:00 minutes

Players Stats for Little Stars

Player Name              G  A  P  +/- PIM S  H  SB GA TA FO     MP     PP MP  PK MP  
------------------------------------------------------------------------------------
Adam Tambellini          1  1  2  -2  0   4  2  1  0  0  1/1    24:57   6:34   2:50 
Cal Burke                0  0  0   1  0   3  0  0  0  0  0/1     7:17   0:00   0:00 
Connor Mackey            0  0  0   0  0   0  0  1  0  1  0/0    10:23   0:00   0:00 
Daniel O'regan           1  0  1  -2  0   5  3  0  1  0  23/42  24:28   6:25   2:50 
Emile Poirier            1  0  1   1  2   1  1  1  0  0  0/0     8:36   0:39   0:29 
Evan Bouchard            0  0  0   0  0   0  1  0  0  0  0/0    10:23   0:00   0:00 
Filip Chytil             0  0  0   1  0   1  0  1  0  0  1/1     9:38   0:45   0:29 
Ilya Mikheyev            0  2  2  -2  0   3  1  0  1  0  2/3    21:56   6:34   0:00 
Jason Dickinson          0  0  0   0  0   1  0  1  0  0  3/8    12:56   3:45   0:43 
Joakim Nygard            0  0  0   0  2   2  1  0  0  0  0/0    16:28   4:43   0:43 
Justin Auger             1  0  1   0  0   1  1  0  0  0  0/0    10:59   0:39   0:00 
Matt Luff                0  0  0   0  4   0  1  0  0  0  2/2    15:44   4:43   0:00 
Radel Fazleev            0  1  1   0  0   0  1  1  1  0  3/7    10:08   0:00   0:00 
Reece Willcox            0  1  1  -1  0   3  1  3  2  0  0/0    29:39   8:09   2:09 
Shane Gersich            0  1  1   0  0   3  3  0  0  0  2/4    12:47   1:01   0:00 
Tucker Poolman           0  0  0   0  0   0  1  4  1  1  0/0    19:58   3:47   1:53 
Ville Pokka              0  0  0   0  0   2  0  1  1  2  0/0    19:58   3:47   1:53 
Wiley Sherman            0  1  1  -1  0   1  1  2  1  2  0/0    29:39   8:09   2:09 

Players Stats for Punishers

Player Name              G  A  P  +/- PIM S  H  SB GA TA FO     MP     PP MP  PK MP  
------------------------------------------------------------------------------------
Anton Blidh              3  1  4   3  0   5  2  0  1  0  0/1    20:34   2:57   4:15 
Artem Zub                0  0  0   2  0   4  1  1  0  1  0/0    30:56   3:09   7:03 
Austen Brassard          1  0  1  -2  2   1  2  1  0  1  0/1    12:15   1:05   0:00 
Ben Betker               0  2  2   2  2   4  2  4  0  1  0/0    30:37   3:09   5:47 
Ben Meyers               0  0  0   0  0   0  0  0  0  0  0/0     0:00   0:00   0:00 
Carson Meyer             0  0  0   0  0   0  1  0  0  0  0/0     5:26   0:00   0:00 
Connor Clifton           0  0  0  -1  0   1  1  1  0  0  0/0    10:21   0:00   0:41 
Corey Tropp              2  1  3   3  0   8  0  0  1  0  4/11   23:51   2:57   6:36 
Daniel Audette           0  0  0   0  0   2  0  0  0  1  4/8    14:55   0:00   1:50 
Fredrik Claesson         0  0  0   0  0   0  0  2  1  1  0/0    19:24   0:53   4:53 
Jesse Ylonen             0  0  0   0  0   0  0  0  0  0  0/0     0:17   0:00   0:00 
John Hayden              0  0  0   0  0   2  0  0  0  0  3/6     5:26   0:00   0:00 
John Quenneville         0  5  5   3  4   8  2  0  0  1  15/28  23:09   2:57   3:58 
Kevin Roy                0  0  0  -2  2   2  1  0  2  0  5/10   11:52   1:05   0:00 
Kole Lind                0  0  0   0  2   0  0  0  0  0  0/0    10:51   0:00   0:00 
Marcus Karlberg          0  0  0   0  0   0  0  0  0  0  0/1     3:41   0:00   3:16 
Nicolas Beaudin          0  0  0  -1  2   1  0  0  0  1  0/0    10:14   0:00   0:35 
Niko Mikkola             0  0  0   0  0   1  2  1  0  1  0/0    19:24   0:53   4:53 
Oskar Lindblom           0  1  1  -2  0   1  1  0  0  0  1/3    18:04   1:05   3:56 
Phillip Danault          0  0  0   0  0   1  2  0  1  0  0/0    11:14   0:00   0:01 
Tanner Jeannot           0  0  0   0  0   0  0  0  0  0  0/0     5:26   0:00   0:00 

3 Stars

1 - Anton Blidh (Pro)
2 - Corey Tropp (Pro)
3 - John Quenneville (Pro)

Power Play

Little Stars - 2 on 7 Attempt(s) - 28.57%
Punishers - 3 on 4 Attempt(s) - 75.00%

Penalty Kill

Little Stars - 1 on 4 Attempt(s) - 25.00% - Score 0 goal in Penalty Kill
Punishers - 5 on 7 Attempt(s) - 71.43% - Score 0 goal in Penalty Kill

Team Stat

Little Stars - Hits : 18 - Faceoff Wins : 37 - Blocked Shots : 16 - Penalty Minutes : 8
Punishers - Hits : 17 - Faceoff Wins : 32 - Blocked Shots : 10 - Penalty Minutes : 14

Official

Referees : Francis Charron and Chris Rooney
Linesman : Michel Cormier and Kyle Flemington

Game Notes

Anton Blidh has scored a Hat Trick!
Michael Houser enters game at 2:11 of 2nd period
Jason Dickinson is injured at 6:20 of 3rd period (Abdominal Strain)

Finance

Level 1 -- Attendance: 1732 (86.60%) -- Ticket Income $121,240
Level 2 -- Attendance: 861 (86.10%) -- Ticket Income $34,440
Total Attendance: 2593 (86.43%)
Total Ticket Income: $155,680
Other Income: $7,784
Total Income: $163,464

Little Stars

5 vs 5 Forward 
   Center                   Left Wing                Right Wing               Time % Phy DF OF 
 1 Daniel O'regan           Adam Tambellini          Ilya Mikheyev            40     1   2  2  
 2 Jason Dickinson          Joakim Nygard            Matt Luff                30     1   2  2  
 3 Radel Fazleev            Shane Gersich            Justin Auger             20     1   2  2  
 4 Filip Chytil             Emile Poirier            Cal Burke                10     1   2  2  

5 vs 5 Defense 
   Defense                  Defense                                           Time % Phy DF OF 
 1 Wiley Sherman            Reece Willcox                                     40     1   2  2  
 2 Tucker Poolman           Ville Pokka                                       30     1   2  2  
 3 Evan Bouchard            Connor Mackey                                     20     1   2  2  
 4 Wiley Sherman            Reece Willcox                                     10     1   2  2  

PowerPlay Forward 
   Center                   Left Wing                Right Wing               Time % Phy DF OF 
 1 Daniel O'regan           Adam Tambellini          Ilya Mikheyev            60     0   2  3  
 2 Jason Dickinson          Joakim Nygard            Matt Luff                40     0   2  3  

PowerPlay Defense
   Defense                  Defense                                           Time % Phy DF OF 
 1 Wiley Sherman            Reece Willcox                                     60     1   2  2  
 2 Tucker Poolman           Ville Pokka                                       40     1   2  2  

Penalty Kill 4 Players Forward 
   Center                   Wing                     Time % Phy DF OF 
 1 Daniel O'regan           Adam Tambellini          60     1   2  2  
 2 Jason Dickinson          Joakim Nygard            40     1   2  2  

Penalty Kill 4 Players Defense
   Defense                  Defense                  Time % Phy DF OF 
 1 Wiley Sherman            Reece Willcox            60     0   3  2  
 2 Tucker Poolman           Ville Pokka              40     0   3  2  

Penalty Kill - 3 Players Forward 
   Forward                                           Time % Phy DF OF 
 1 Daniel O'regan                                    60     1   2  2  
 2 Jason Dickinson                                   40     1   2  2  

Penalty Kill - 3 Players Defense
   Defense                  Defense                  Time % Phy DF OF 
 1 Wiley Sherman            Reece Willcox            60     0   3  2  
 2 Tucker Poolman           Ville Pokka              40     0   3  2  

4 vs 4 Forward 
   Center                   Wing                     Time % Phy DF OF 
 1 Daniel O'regan           Adam Tambellini          60     0   2  3  
 2 Jason Dickinson          Joakim Nygard            40     0   2  3  

4 vs 4 Defense
   Defense                  Defense                  Time % Phy DF OF 
 1 Wiley Sherman            Reece Willcox            60     1   2  2  
 2 Tucker Poolman           Ville Pokka              40     1   2  2  

Last Minutes Offensive
   Center                   Left Wing                Right Wing               Defense                  Defense                  
   Daniel O'regan           Adam Tambellini          Ilya Mikheyev            Wiley Sherman            Reece Willcox            

Last Minutes Defensive
   Center                   Left Wing                Right Wing               Defense                  Defense                  
   Daniel O'regan           Adam Tambellini          Ilya Mikheyev            Wiley Sherman            Reece Willcox            

Goaltenders
Starting : Danil Tarasov            
Backup : Michael Houser           

Extra Forwards
Normal : Jason Dickinson, Shane Gersich, Matt Luff - PP : Jason Dickinson, Shane Gersich - PK : Jason Dickinson
Extra Defensemen
Normal : Ville Pokka, Evan Bouchard, Connor Mackey - PP : Ville Pokka - PK : Ville Pokka, Evan Bouchard
Penalty Shots
Ilya Mikheyev, Adam Tambellini, Daniel O'regan, Joakim Nygard, Jason Dickinson
Custom OT Lines Forwards
Ilya Mikheyev, Adam Tambellini, Daniel O'regan, Joakim Nygard, Jason Dickinson, Shane Gersich, Matt Luff, Emile Poirier, Justin Auger, Radel Fazleev
Custom OT Lines Defensemen
Wiley Sherman, Reece Willcox, Tucker Poolman, Ville Pokka, Evan Bouchard

Scratches
Jack McBain (Healthy), Jean-Christophe Beaudin (Healthy), Lawrence Pilut (Healthy), Rudolfs Balcers (Healthy), Yakov Trenin (Healthy)
Joey Anderson (Healthy), Jonathan Dahlen (Healthy), Givani Smith (Healthy), Blade Jenkins (Healthy), Bulat Shafigullin (Healthy)
Michael Giugovaz (Healthy)

Punishers

5 vs 5 Forward 
   Center                   Left Wing                Right Wing               Time % Phy DF OF 
 1 John Quenneville         Anton Blidh              Corey Tropp              40     1   2  2  
 2 Kevin Roy                Oskar Lindblom           Austen Brassard          30     1   2  2  
 3 Daniel Audette           Phillip Danault          Kole Lind                20     1   2  2  
 4 John Hayden              Tanner Jeannot           Carson Meyer             10     1   2  2  

5 vs 5 Defense 
   Defense                  Defense                                           Time % Phy DF OF 
 1 Artem Zub                Ben Betker                                        40     1   2  2  
 2 Fredrik Claesson         Niko Mikkola                                      30     1   2  2  
 3 Connor Clifton           Nicolas Beaudin                                   20     1   2  2  
 4 Artem Zub                Ben Betker                                        10     1   2  2  

PowerPlay Forward 
   Center                   Left Wing                Right Wing               Time % Phy DF OF 
 1 John Quenneville         Anton Blidh              Corey Tropp              60     1   2  2  
 2 Kevin Roy                Oskar Lindblom           Austen Brassard          40     1   2  2  

PowerPlay Defense
   Defense                  Defense                                           Time % Phy DF OF 
 1 Artem Zub                Ben Betker                                        60     1   2  2  
 2 Fredrik Claesson         Niko Mikkola                                      40     1   2  2  

Penalty Kill 4 Players Forward 
   Center                   Wing                     Time % Phy DF OF 
 1 Corey Tropp              John Quenneville         60     1   2  2  
 2 Anton Blidh              Oskar Lindblom           40     1   2  2  

Penalty Kill 4 Players Defense
   Defense                  Defense                  Time % Phy DF OF 
 1 Artem Zub                Ben Betker               60     1   2  2  
 2 Fredrik Claesson         Niko Mikkola             40     1   2  2  

Penalty Kill - 3 Players Forward 
   Forward                                           Time % Phy DF OF 
 1 Corey Tropp                                       60     1   2  2  
 2 John Quenneville                                  40     1   2  2  

Penalty Kill - 3 Players Defense
   Defense                  Defense                  Time % Phy DF OF 
 1 Artem Zub                Ben Betker               60     1   2  2  
 2 Fredrik Claesson         Niko Mikkola             40     1   2  2  

4 vs 4 Forward 
   Center                   Wing                     Time % Phy DF OF 
 1 Corey Tropp              John Quenneville         60     1   2  2  
 2 Anton Blidh              Oskar Lindblom           40     1   2  2  

4 vs 4 Defense
   Defense                  Defense                  Time % Phy DF OF 
 1 Artem Zub                Ben Betker               60     1   2  2  
 2 Fredrik Claesson         Niko Mikkola             40     1   2  2  

Last Minutes Offensive
   Center                   Left Wing                Right Wing               Defense                  Defense                  
   John Quenneville         Anton Blidh              Corey Tropp              Artem Zub                Ben Betker               

Last Minutes Defensive
   Center                   Left Wing                Right Wing               Defense                  Defense                  
   John Quenneville         Anton Blidh              Corey Tropp              Artem Zub                Ben Betker               

Goaltenders
Starting : Antoine Bibeau           
Backup : Cal Petersen             

Extra Forwards
Normal : Jesse Ylonen, Ben Meyers, Marcus Karlberg - PP : Jesse Ylonen, Ben Meyers - PK : Marcus Karlberg
Extra Defensemen
Normal : Connor Clifton, Nicolas Beaudin, Fredrik Claesson - PP : Connor Clifton - PK : Nicolas Beaudin, Fredrik Claesson
Penalty Shots
Corey Tropp, John Quenneville, Anton Blidh, Oskar Lindblom, Kevin Roy
Custom OT Lines Forwards
Corey Tropp, John Quenneville, Anton Blidh, Oskar Lindblom, Kevin Roy, Phillip Danault, Daniel Audette, Austen Brassard, Kole Lind, John Hayden
Custom OT Lines Defensemen
Artem Zub, Ben Betker, Fredrik Claesson, Niko Mikkola, Connor Clifton

Scratches
Jack Ahcan (Sore Left Knee Injury), Jack LaFontaine (Healthy)

% Time on Ice - Little Stars

Lines # - Real PCT - Wanted PCT - Time Play
Normal Forward
1 - 35% - 40% - 15:15
2 - 26% - 30% - 11:22
3 - 23% - 20% - 10:08
4 - 17% - 10% - 7:17
Normal Defense
1 - 40% - 40% - 17:34
2 - 32% - 30% - 14:18
3 - 24% - 20% - 10:23
4 - 4% - 10% - 1:47
PP Forward
1 - 55% - 60% - 6:32
2 - 45% - 40% - 5:24
PP Defense
1 - 68% - 60% - 8:09
2 - 32% - 40% - 3:47
PK Forward
1 - 82% - 60% - 3:19
2 - 18% - 40% - 0:43
PK Defense
1 - 53% - 60% - 2:09
2 - 47% - 40% - 1:53
PK3 Forward
1 - 0% - 60%
2 - 0% - 40%
PK3 Defense
1 - 0% - 60%
2 - 0% - 40%
44 Forward
1 - 0% - 60%
2 - 0% - 40%
44 Defense
1 - 0% - 60%
2 - 0% - 40%
Last Minute Offensive  - 0:00
Last Minute Defensive  - 0:00
Total
Forward - 60:00
Defense - 60:00

% Time on Ice - Punishers

Lines # - Real PCT - Wanted PCT - Time Play
Normal Forward
1 - 39% - 40% - 16:58
2 - 25% - 30% - 10:48
3 - 25% - 20% - 10:50
4 - 12% - 10% - 5:26
Normal Defense
1 - 44% - 40% - 19:13
2 - 31% - 30% - 13:38
3 - 22% - 20% - 9:40
4 - 3% - 10% - 1:31
PP Forward
1 - 73% - 60% - 2:57
2 - 27% - 40% - 1:05
PP Defense
1 - 78% - 60% - 3:09
2 - 22% - 40% - 0:53
PK Forward
1 - 78% - 60% - 9:21
2 - 22% - 40% - 2:35
PK Defense
1 - 59% - 60% - 7:03
2 - 41% - 40% - 4:53
PK3 Forward
1 - 0% - 60%
2 - 0% - 40%
PK3 Defense
1 - 0% - 60%
2 - 0% - 40%
44 Forward
1 - 0% - 60%
2 - 0% - 40%
44 Defense
1 - 0% - 60%
2 - 0% - 40%
Last Minute Offensive  - 0:00
Last Minute Defensive  - 0:00
Total
Forward - 60:00
Defense - 60:00

Play-by-Play

1st period


0:01 of 1st period - Ilya Mikheyev wins face-off versus John Quenneville in neutral zone.
0:12 of 1st period - Slapshot by Ilya Mikheyev.
0:12 of 1st period - Stopped by Antoine Bibeau with a rebound.
1:14 of 1st period - Snap shot by John Quenneville.
1:14 of 1st period - Stopped by Danil Tarasov with a rebound.
1:16 of 1st period - Slapshot by Niko Mikkola.
1:16 of 1st period - Stopped by Danil Tarasov without a rebound.
1:17 of 1st period - Daniel O'regan wins face-off versus John Quenneville in Little Stars zone.
1:31 of 1st period - Wrist shot by Anton Blidh.
1:31 of 1st period - Shot Misses the Net.
1:33 of 1st period - Slapshot by Connor Clifton.
1:33 of 1st period - Deflect By Daniel O'regan.
1:33 of 1st period - Stopped by Danil Tarasov with a rebound.
1:35 of 1st period - Snap shot by Nicolas Beaudin.
1:35 of 1st period - Stopped by Danil Tarasov without a rebound.
1:36 of 1st period - John Hayden wins face-off versus Cal Burke in Little Stars zone.
1:51 of 1st period - Wrist shot by Emile Poirier.
1:51 of 1st period - Deflect By Filip Chytil.
1:51 of 1st period - Stopped by Antoine Bibeau with a rebound.
2:10 of 1st period - Slapshot by Joakim Nygard.
2:10 of 1st period - Shot Blocked by Austen Brassard.
3:04 of 1st period - Slapshot by Cal Burke.
3:04 of 1st period - Stopped by Antoine Bibeau with a rebound.
3:18 of 1st period - Carson Meyer is hit by Emile Poirier and loses puck.
3:22 of 1st period - Icing by Connor Clifton.
3:23 of 1st period - Daniel O'regan wins face-off versus John Hayden in Punishers zone.
3:50 of 1st period - Wrist shot by Corey Tropp.
3:50 of 1st period - Shot Blocked by Tucker Poolman.
3:52 of 1st period - Wrist shot by Connor Clifton.
3:52 of 1st period - Shot Blocked by Tucker Poolman.
3:54 of 1st period - Snap shot by John Quenneville.
3:54 of 1st period - Shot Misses the Net.
4:01 of 1st period - Minor Penalty to Matt Luff for Slashing.
4:02 of 1st period - Daniel O'regan wins face-off versus John Quenneville in Little Stars zone.
4:20 of 1st period - Corey Tropp is hit by Adam Tambellini.
5:45 of 1st period - Niko Mikkola is hit by Tucker Poolman and loses puck.
6:01 of 1st period - Penalty to Matt Luff is over, Matt Luff is back on ice.
6:23 of 1st period - Icing by Artem Zub.
6:24 of 1st period - John Hayden wins face-off versus Jason Dickinson in Punishers zone.
6:49 of 1st period - Fredrik Claesson is hit by Ilya Mikheyev and loses puck.
7:00 of 1st period - Snap shot by Ilya Mikheyev.
7:00 of 1st period - Stopped by Antoine Bibeau without a rebound.
7:01 of 1st period - Daniel O'regan wins face-off versus John Quenneville in Punishers zone.
7:10 of 1st period - Slapshot by Daniel O'regan.
7:10 of 1st period - Shot Blocked by Fredrik Claesson.
7:12 of 1st period - Wrist shot by Daniel O'regan.
7:12 of 1st period - Shot Blocked by Fredrik Claesson.
7:14 of 1st period - Snap shot by Daniel O'regan.
7:14 of 1st period - Stopped by Antoine Bibeau with a rebound.
7:16 of 1st period - Snap shot by Wiley Sherman.
7:16 of 1st period - Deflect By Daniel O'regan.
7:16 of 1st period - Stopped by Antoine Bibeau without a rebound.
7:17 of 1st period - Kevin Roy wins face-off versus Jason Dickinson in Punishers zone.
7:26 of 1st period - Snap shot by Kevin Roy.
7:26 of 1st period - Stopped by Danil Tarasov with a rebound.
7:28 of 1st period - Slapshot by Kevin Roy.
7:28 of 1st period - Stopped by Danil Tarasov with a rebound.
7:30 of 1st period - Wrist shot by Oskar Lindblom.
7:30 of 1st period - Shot Misses the Net.
7:32 of 1st period - Snap shot by Niko Mikkola.
7:32 of 1st period - Shot Blocked by Wiley Sherman.
7:38 of 1st period - Minor Penalty to Matt Luff for Interference.
7:39 of 1st period - John Quenneville wins face-off versus Daniel O'regan in Little Stars zone.
7:46 of 1st period - Wrist shot by John Quenneville.
7:46 of 1st period - Shot Misses the Net.
7:48 of 1st period - Slapshot by Ben Betker.
7:48 of 1st period - Shot Blocked by Reece Willcox.
7:50 of 1st period - Slapshot by Ben Betker.
7:50 of 1st period - Shot Blocked by Reece Willcox.
7:52 of 1st period - Snap shot by Corey Tropp.
7:52 of 1st period - Goal by Corey Tropp - Little Stars : 0 - Punishers : 1.
7:53 of 1st period - Daniel O'regan wins face-off versus John Quenneville in neutral zone.
8:04 of 1st period - Slapshot by Anton Blidh.
8:04 of 1st period - Shot Misses the Net.
8:06 of 1st period - Snap shot by Anton Blidh.
8:06 of 1st period - Goal by Anton Blidh - Little Stars : 0 - Punishers : 2.
8:07 of 1st period - Kevin Roy wins face-off versus Daniel O'regan in neutral zone.
9:04 of 1st period - Slapshot by Wiley Sherman.
9:04 of 1st period - Shot Blocked by Niko Mikkola.
9:22 of 1st period - Snap shot by Adam Tambellini.
9:22 of 1st period - Shot Misses the Net.
9:29 of 1st period - Off-side.
9:30 of 1st period - Kevin Roy wins face-off versus Jason Dickinson in neutral zone.
10:17 of 1st period - Off-side.
10:18 of 1st period - Daniel Audette wins face-off versus Radel Fazleev in neutral zone.
11:08 of 1st period - Wrist shot by Shane Gersich.
11:08 of 1st period - Stopped by Antoine Bibeau with a rebound.
11:14 of 1st period - Snap shot by Shane Gersich.
11:14 of 1st period - Shot Misses the Net.
11:16 of 1st period - Wrist shot by Justin Auger.
11:16 of 1st period - Shot Misses the Net.
11:18 of 1st period - Slapshot by Ville Pokka.
11:18 of 1st period - Stopped by Antoine Bibeau without a rebound.
11:19 of 1st period - John Quenneville wins face-off versus Daniel O'regan in Punishers zone.
11:24 of 1st period - Snap shot by Anton Blidh.
11:24 of 1st period - Shot Misses the Net.
11:26 of 1st period - Wrist shot by Anton Blidh.
11:26 of 1st period - Shot Misses the Net.
11:28 of 1st period - Wrist shot by Corey Tropp.
11:28 of 1st period - Stopped by Danil Tarasov with a rebound.
11:30 of 1st period - Wrist shot by John Quenneville.
11:30 of 1st period - Stopped by Danil Tarasov without a rebound.
11:31 of 1st period - Daniel O'regan wins face-off versus John Quenneville in Little Stars zone.
11:31 of 1st period - Daniel O'regan is hit by John Quenneville.
12:00 of 1st period - Icing by Artem Zub.
12:01 of 1st period - Jason Dickinson wins face-off versus Oskar Lindblom in Punishers zone.
12:12 of 1st period - Snap shot by Joakim Nygard.
12:12 of 1st period - Shot Misses the Net.
12:28 of 1st period - Snap shot by Adam Tambellini.
12:28 of 1st period - Shot Misses the Net.
12:30 of 1st period - Snap shot by Adam Tambellini.
12:30 of 1st period - Shot Misses the Net.
12:32 of 1st period - Slapshot by Wiley Sherman.
12:32 of 1st period - Shot Blocked by Connor Clifton.
12:34 of 1st period - Backhand shot by Reece Willcox.
12:34 of 1st period - Stopped by Antoine Bibeau with a rebound.
13:08 of 1st period - Minor Penalty to Emile Poirier for Hooking.
13:09 of 1st period - John Quenneville wins face-off versus Daniel O'regan in Little Stars zone.
13:12 of 1st period - Wrist shot by John Quenneville.
13:12 of 1st period - Shot Blocked by Tucker Poolman.
13:16 of 1st period - Wrist shot by Corey Tropp.
13:16 of 1st period - Shot Misses the Net.
13:18 of 1st period - Slapshot by Corey Tropp.
13:18 of 1st period - Stopped by Danil Tarasov without a rebound.
13:19 of 1st period - Daniel O'regan wins face-off versus John Quenneville in Little Stars zone.
13:58 of 1st period - Wrist shot by Anton Blidh.
13:58 of 1st period - Goal by Anton Blidh - Little Stars : 0 - Punishers : 3.
13:59 of 1st period - Daniel O'regan wins face-off versus Oskar Lindblom in neutral zone.
14:02 of 1st period - Slapshot by Ilya Mikheyev.
14:02 of 1st period - Stopped by Antoine Bibeau without a rebound.
14:03 of 1st period - Adam Tambellini wins face-off versus Kevin Roy in Punishers zone.
14:06 of 1st period - Wrist shot by Daniel O'regan.
14:06 of 1st period - Deflect By Ilya Mikheyev.
14:06 of 1st period - Shot Misses the Net.
14:06 of 1st period - Puck is out of play.
14:07 of 1st period - Kevin Roy wins face-off versus Daniel O'regan in Punishers zone.
14:09 of 1st period - Minor Penalty to Ben Betker for Hooking.
14:10 of 1st period - Daniel O'regan wins face-off versus Corey Tropp in Punishers zone.
15:33 of 1st period - Tucker Poolman is hit by Anton Blidh and loses puck.
16:09 of 1st period - Penalty to Ben Betker is over, Ben Betker is back on ice.
16:17 of 1st period - Niko Mikkola is hit by Wiley Sherman.
16:18 of 1st period - Icing by Niko Mikkola.
16:19 of 1st period - Radel Fazleev wins face-off versus Corey Tropp in Punishers zone.
16:22 of 1st period - Wrist shot by Shane Gersich.
16:22 of 1st period - Stopped by Antoine Bibeau with a rebound.
16:34 of 1st period - Backhand shot by Ben Betker.
16:34 of 1st period - Stopped by Danil Tarasov with a rebound.
16:36 of 1st period - Snap shot by John Quenneville.
16:36 of 1st period - Deflect By Corey Tropp.
16:36 of 1st period - Stopped by Danil Tarasov with a rebound.
16:50 of 1st period - Snap shot by Radel Fazleev.
16:50 of 1st period - Shot Misses the Net.
17:06 of 1st period - Wrist shot by Corey Tropp.
17:06 of 1st period - Stopped by Danil Tarasov without a rebound.
17:07 of 1st period - Kevin Roy wins face-off versus Daniel O'regan in Little Stars zone.
17:33 of 1st period - Reece Willcox is hit by Phillip Danault and loses puck.
17:52 of 1st period - Tucker Poolman is hit by Artem Zub and loses puck.
18:23 of 1st period - Ville Pokka is hit by Niko Mikkola.
18:54 of 1st period - Icing by Phillip Danault.
18:55 of 1st period - Radel Fazleev wins face-off versus Daniel Audette in Punishers zone.
19:46 of 1st period - Joakim Nygard is hit by Kevin Roy and loses puck.
Goals for this period are 0 for Little Stars vs 3 for Punishers.
Shots for this period are 11 for Little Stars vs 15 for Punishers.

2nd period


0:01 of 2nd period - Daniel O'regan wins face-off versus John Quenneville in neutral zone.
0:30 of 2nd period - Slapshot by Ben Betker.
0:30 of 2nd period - Stopped by Danil Tarasov with a rebound.
0:32 of 2nd period - Snap shot by Artem Zub.
0:32 of 2nd period - Stopped by Danil Tarasov with a rebound.
0:34 of 2nd period - Slapshot by Artem Zub.
0:34 of 2nd period - Shot Blocked by Ville Pokka.
0:36 of 2nd period - Slapshot by Artem Zub.
0:36 of 2nd period - Stopped by Danil Tarasov with a rebound.
0:38 of 2nd period - Slapshot by Kole Lind.
0:38 of 2nd period - Shot Hit the Post.
0:40 of 2nd period - Wrist shot by Phillip Danault.
0:40 of 2nd period - Shot Misses the Net.
0:57 of 2nd period - Wrist shot by Radel Fazleev.
0:57 of 2nd period - Shot Misses the Net.
0:59 of 2nd period - Wrist shot by Justin Auger.
0:59 of 2nd period - Goal by Justin Auger - Little Stars : 1 - Punishers : 3.
1:00 of 2nd period - Daniel O'regan wins face-off versus Anton Blidh in neutral zone.
1:13 of 2nd period - Snap shot by Corey Tropp.
1:13 of 2nd period - Shot Misses the Net.
1:23 of 2nd period - Icing by Austen Brassard.
1:24 of 2nd period - Oskar Lindblom wins face-off versus Jason Dickinson in Punishers zone.
1:49 of 2nd period - Wrist shot by Corey Tropp.
1:49 of 2nd period - Shot Misses the Net.
1:51 of 2nd period - Wrist shot by Anton Blidh.
1:51 of 2nd period - Shot Misses the Net.
1:53 of 2nd period - Backhand shot by John Quenneville.
1:53 of 2nd period - Stopped by Danil Tarasov with a rebound.
1:55 of 2nd period - Snap shot by Anton Blidh.
1:55 of 2nd period - Shot Misses the Net.
1:57 of 2nd period - Snap shot by Corey Tropp.
1:57 of 2nd period - Shot Misses the Net.
1:59 of 2nd period - Wrist shot by Corey Tropp.
1:59 of 2nd period - Goal by Corey Tropp - Little Stars : 1 - Punishers : 4.
2:00 of 2nd period - Ilya Mikheyev wins face-off versus John Quenneville in neutral zone.
2:09 of 2nd period - Wrist shot by Anton Blidh.
2:09 of 2nd period - Shot Misses the Net.
2:11 of 2nd period - Snap shot by Anton Blidh.
2:11 of 2nd period - Goal by Anton Blidh - Little Stars : 1 - Punishers : 5.
2:11 of 2nd period - Michael Houser enters game.
2:12 of 2nd period - John Quenneville wins face-off versus Daniel O'regan in neutral zone.
2:17 of 2nd period - Backhand shot by John Quenneville.
2:17 of 2nd period - Stopped by Michael Houser with a rebound.
2:25 of 2nd period - Slapshot by Adam Tambellini.
2:25 of 2nd period - Shot Misses the Net.
2:27 of 2nd period - Snap shot by Adam Tambellini.
2:27 of 2nd period - Stopped by Antoine Bibeau with a rebound.
2:29 of 2nd period - Slapshot by Wiley Sherman.
2:29 of 2nd period - Shot Blocked by Ben Betker.
2:44 of 2nd period - Ville Pokka is hit by Oskar Lindblom and loses puck.
3:28 of 2nd period - Snap shot by John Hayden.
3:28 of 2nd period - Shot Blocked by Connor Mackey.
3:30 of 2nd period - Snap shot by Ben Betker.
3:30 of 2nd period - Shot Blocked by Radel Fazleev.
3:32 of 2nd period - Snap shot by John Hayden.
3:32 of 2nd period - Stopped by Michael Houser with a rebound.
4:22 of 2nd period - Wrist shot by Joakim Nygard.
4:22 of 2nd period - Shot Misses the Net.
4:34 of 2nd period - Wrist shot by Cal Burke.
4:34 of 2nd period - Stopped by Antoine Bibeau without a rebound.
4:35 of 2nd period - Filip Chytil wins face-off versus Daniel Audette in Punishers zone.
5:06 of 2nd period - Slapshot by Ville Pokka.
5:06 of 2nd period - Stopped by Antoine Bibeau without a rebound.
5:07 of 2nd period - John Quenneville wins face-off versus Daniel O'regan in Punishers zone.
5:26 of 2nd period - Wrist shot by Adam Tambellini.
5:26 of 2nd period - Stopped by Antoine Bibeau without a rebound.
5:27 of 2nd period - Matt Luff wins face-off versus Kevin Roy in Punishers zone.
5:34 of 2nd period - Snap shot by Austen Brassard.
5:34 of 2nd period - Shot Blocked by Jason Dickinson.
5:42 of 2nd period - Wrist shot by Oskar Lindblom.
5:42 of 2nd period - Stopped by Michael Houser without a rebound.
5:43 of 2nd period - John Quenneville wins face-off versus Daniel O'regan in Little Stars zone.
6:13 of 2nd period - Wrist shot by Oskar Lindblom.
6:13 of 2nd period - Shot Misses the Net.
6:15 of 2nd period - Slapshot by Oskar Lindblom.
6:15 of 2nd period - Shot Blocked by Wiley Sherman.
6:35 of 2nd period - Wiley Sherman is hit by Connor Clifton and loses puck.
7:09 of 2nd period - Reece Willcox is hit by John Quenneville and loses puck.
8:06 of 2nd period - John Hayden is hit by Daniel O'regan.
8:10 of 2nd period - Snap shot by John Hayden.
8:10 of 2nd period - Stopped by Michael Houser without a rebound.
8:11 of 2nd period - Daniel O'regan wins face-off versus John Quenneville in Little Stars zone.
8:36 of 2nd period - Oskar Lindblom is hit by Matt Luff and loses puck.
8:57 of 2nd period - Niko Mikkola is hit by Shane Gersich and loses puck.
9:20 of 2nd period - Wrist shot by Emile Poirier.
9:20 of 2nd period - Deflect By Cal Burke.
9:20 of 2nd period - Stopped by Antoine Bibeau with a rebound.
10:34 of 2nd period - John Quenneville is hit by Reece Willcox and loses puck.
10:51 of 2nd period - Wrist shot by Anton Blidh.
10:51 of 2nd period - Shot Misses the Net.
11:01 of 2nd period - Reece Willcox is hit by Anton Blidh and loses puck.
11:08 of 2nd period - Snap shot by Corey Tropp.
11:08 of 2nd period - Shot Blocked by Adam Tambellini.
11:10 of 2nd period - Slapshot by John Quenneville.
11:10 of 2nd period - Stopped by Michael Houser without a rebound.
11:11 of 2nd period - Jason Dickinson wins face-off versus Kevin Roy in Little Stars zone.
11:43 of 2nd period - Kole Lind is hit by Radel Fazleev and loses puck.
12:00 of 2nd period - Snap shot by Carson Meyer.
12:00 of 2nd period - Shot Blocked by Tucker Poolman.
12:02 of 2nd period - Wrist shot by Tanner Jeannot.
12:02 of 2nd period - Shot Misses the Net.
13:45 of 2nd period - Snap shot by Emile Poirier.
13:45 of 2nd period - Goal by Emile Poirier - Little Stars : 2 - Punishers : 5.
13:46 of 2nd period - John Quenneville wins face-off versus Daniel O'regan in neutral zone.
13:58 of 2nd period - Minor Penalty to John Quenneville for Delaying the game.
13:59 of 2nd period - Daniel O'regan wins face-off versus Corey Tropp in Punishers zone.
14:18 of 2nd period - Corey Tropp is hit by Daniel O'regan and loses puck.
14:37 of 2nd period - Snap shot by Joakim Nygard.
14:37 of 2nd period - Stopped by Antoine Bibeau with a rebound.
14:39 of 2nd period - Snap shot by Joakim Nygard.
14:39 of 2nd period - Stopped by Antoine Bibeau with a rebound.
15:35 of 2nd period - Reece Willcox is hit by Ben Betker.
15:57 of 2nd period - Artem Zub is hit by Shane Gersich and loses puck.
15:58 of 2nd period - Penalty to John Quenneville is over, John Quenneville is back on ice.
16:06 of 2nd period - Snap shot by Shane Gersich.
16:06 of 2nd period - Shot Misses the Net.
16:30 of 2nd period - Wrist shot by John Quenneville.
16:30 of 2nd period - Shot Misses the Net.
16:32 of 2nd period - Wrist shot by Daniel Audette.
16:32 of 2nd period - Shot Misses the Net.
16:34 of 2nd period - Slapshot by Ben Betker.
16:34 of 2nd period - Stopped by Michael Houser with a rebound.
16:36 of 2nd period - Backhand shot by Oskar Lindblom.
16:36 of 2nd period - Shot Blocked by Filip Chytil.
17:22 of 2nd period - Snap shot by John Quenneville.
17:22 of 2nd period - Stopped by Michael Houser with a rebound.
17:24 of 2nd period - Slapshot by Artem Zub.
17:24 of 2nd period - Shot Misses the Net.
18:04 of 2nd period - Snap shot by John Quenneville.
18:04 of 2nd period - Shot Blocked by Emile Poirier.
18:06 of 2nd period - Snap shot by John Quenneville.
18:06 of 2nd period - Shot Misses the Net.
18:08 of 2nd period - Slapshot by Artem Zub.
18:08 of 2nd period - Stopped by Michael Houser with a rebound.
18:10 of 2nd period - Slapshot by Artem Zub.
18:10 of 2nd period - Shot Misses the Net.
18:12 of 2nd period - Wrist shot by Daniel Audette.
18:12 of 2nd period - Stopped by Michael Houser without a rebound.
18:13 of 2nd period - Daniel O'regan wins face-off versus John Hayden in Little Stars zone.
18:43 of 2nd period - Joakim Nygard is hit by Carson Meyer and loses puck.
19:04 of 2nd period - Wrist shot by Shane Gersich.
19:04 of 2nd period - Stopped by Antoine Bibeau without a rebound.
19:05 of 2nd period - John Hayden wins face-off versus Daniel O'regan in Punishers zone.
19:07 of 2nd period - Minor Penalty to Nicolas Beaudin for Tripping.
19:08 of 2nd period - Corey Tropp wins face-off versus Daniel O'regan in Punishers zone.
19:40 of 2nd period - Icing by Reece Willcox.
19:41 of 2nd period - Corey Tropp wins face-off versus Jason Dickinson in Little Stars zone.
19:48 of 2nd period - Snap shot by Corey Tropp.
19:48 of 2nd period - Shot Misses the Net.
Goals for this period are 2 for Little Stars vs 2 for Punishers.
Shots for this period are 10 for Little Stars vs 15 for Punishers.

3rd period


0:01 of 3rd period - John Quenneville wins face-off versus Daniel O'regan in neutral zone.
0:21 of 3rd period - Corey Tropp is hit by Daniel O'regan and loses puck.
0:40 of 3rd period - Backhand shot by Wiley Sherman.
0:40 of 3rd period - Deflect By Jason Dickinson.
0:40 of 3rd period - Stopped by Antoine Bibeau with a rebound.
0:42 of 3rd period - Slapshot by Reece Willcox.
0:42 of 3rd period - Stopped by Antoine Bibeau with a rebound.
1:07 of 3rd period - Penalty to Nicolas Beaudin is over, Nicolas Beaudin is back on ice.
1:30 of 3rd period - Minor Penalty to Kole Lind for Elbowing.
1:31 of 3rd period - Daniel O'regan wins face-off versus Corey Tropp in Punishers zone.
1:34 of 3rd period - Snap shot by Ilya Mikheyev.
1:34 of 3rd period - Shot Blocked by Ben Betker.
1:36 of 3rd period - Slapshot by Reece Willcox.
1:36 of 3rd period - Stopped by Antoine Bibeau with a rebound.
1:38 of 3rd period - Wrist shot by Daniel O'regan.
1:38 of 3rd period - Deflect By Adam Tambellini.
1:38 of 3rd period - Shot Misses the Net.
1:38 of 3rd period - Puck is out of play.
1:39 of 3rd period - Corey Tropp wins face-off versus Ilya Mikheyev in Punishers zone.
1:39 of 3rd period - Corey Tropp is hit by Adam Tambellini.
1:56 of 3rd period - Snap shot by Adam Tambellini.
1:56 of 3rd period - Stopped by Antoine Bibeau without a rebound.
1:57 of 3rd period - Jason Dickinson wins face-off versus Corey Tropp in Punishers zone.
3:30 of 3rd period - Penalty to Kole Lind is over, Kole Lind is back on ice.
3:38 of 3rd period - Off-side.
3:39 of 3rd period - Radel Fazleev wins face-off versus Daniel Audette in neutral zone.
3:58 of 3rd period - Radel Fazleev is hit by Phillip Danault and loses puck.
4:05 of 3rd period - Phillip Danault is hit by Justin Auger.
4:25 of 3rd period - Slapshot by Fredrik Claesson.
4:25 of 3rd period - Shot Misses the Net.
4:42 of 3rd period - Off-side.
4:43 of 3rd period - Daniel O'regan wins face-off versus Austen Brassard in neutral zone.
5:21 of 3rd period - Snap shot by Anton Blidh.
5:21 of 3rd period - Stopped by Michael Houser without a rebound.
5:22 of 3rd period - Daniel O'regan wins face-off versus Kevin Roy in Little Stars zone.
5:22 of 3rd period - Daniel O'regan is hit by Niko Mikkola.
5:35 of 3rd period - Minor Penalty to Kevin Roy for Roughing.
5:36 of 3rd period - Corey Tropp wins face-off versus Daniel O'regan in Punishers zone.
5:53 of 3rd period - Wrist shot by Daniel O'regan.
5:53 of 3rd period - Goal by Daniel O'regan - Little Stars : 3 - Punishers : 5.
5:54 of 3rd period - Daniel O'regan wins face-off versus John Quenneville in neutral zone.
6:19 of 3rd period - Jason Dickinson is hit by Ben Betker and loses puck.
6:20 of 3rd period - Jason Dickinson from Little Stars is injured at 6:20 of 3rd period (Abdominal Strain).
6:21 of 3rd period - Daniel O'regan wins face-off versus John Quenneville in Little Stars zone.
6:59 of 3rd period - Wrist shot by Daniel O'regan.
6:59 of 3rd period - Stopped by Antoine Bibeau without a rebound.
7:00 of 3rd period - John Quenneville wins face-off versus Shane Gersich in Punishers zone.
7:02 of 3rd period - Minor Penalty to John Quenneville for Tripping.
7:03 of 3rd period - Daniel O'regan wins face-off versus Corey Tropp in Punishers zone.
7:09 of 3rd period - Wrist shot by Adam Tambellini.
7:09 of 3rd period - Deflect By Ilya Mikheyev.
7:09 of 3rd period - Shot Misses the Net.
7:09 of 3rd period - Puck is out of play.
7:10 of 3rd period - Daniel O'regan wins face-off versus Corey Tropp in Punishers zone.
7:17 of 3rd period - Wrist shot by Daniel O'regan.
7:17 of 3rd period - Shot Blocked by Artem Zub.
7:19 of 3rd period - Snap shot by Ilya Mikheyev.
7:19 of 3rd period - Shot Blocked by Ben Betker.
7:21 of 3rd period - Snap shot by Ilya Mikheyev.
7:21 of 3rd period - Shot Misses the Net.
7:23 of 3rd period - Slapshot by Reece Willcox.
7:23 of 3rd period - Shot Misses the Net.
7:25 of 3rd period - Snap shot by Adam Tambellini.
7:25 of 3rd period - Shot Misses the Net.
7:35 of 3rd period - Slapshot by Daniel O'regan.
7:35 of 3rd period - Shot Blocked by Ben Betker.
7:37 of 3rd period - Slapshot by Wiley Sherman.
7:37 of 3rd period - Stopped by Antoine Bibeau with a rebound.
7:39 of 3rd period - Slapshot by Daniel O'regan.
7:39 of 3rd period - Stopped by Antoine Bibeau with a rebound.
8:45 of 3rd period - Slapshot by Adam Tambellini.
8:45 of 3rd period - Goal by Adam Tambellini - Little Stars : 4 - Punishers : 5.
8:46 of 3rd period - Matt Luff wins face-off versus Kevin Roy in neutral zone.
8:53 of 3rd period - Matt Luff is hit by Austen Brassard and loses puck.
9:43 of 3rd period - Daniel Audette is hit by Evan Bouchard.
10:41 of 3rd period - Slapshot by Daniel Audette.
10:41 of 3rd period - Shot Misses the Net.
10:59 of 3rd period - Slapshot by Ben Betker.
10:59 of 3rd period - Deflect By Anton Blidh.
10:59 of 3rd period - Stopped by Michael Houser without a rebound.
11:00 of 3rd period - Daniel O'regan wins face-off versus John Quenneville in Little Stars zone.
11:38 of 3rd period - Wrist shot by Kole Lind.
11:38 of 3rd period - Shot Misses the Net.
11:40 of 3rd period - Slapshot by Nicolas Beaudin.
11:40 of 3rd period - Deflect By Phillip Danault.
11:40 of 3rd period - Shot Misses the Net.
11:40 of 3rd period - Puck is out of play.
11:41 of 3rd period - Daniel O'regan wins face-off versus Daniel Audette in Little Stars zone.
12:06 of 3rd period - Backhand shot by Daniel Audette.
12:06 of 3rd period - Stopped by Michael Houser without a rebound.
12:07 of 3rd period - John Quenneville wins face-off versus Shane Gersich in Little Stars zone.
12:56 of 3rd period - Snap shot by Shane Gersich.
12:56 of 3rd period - Deflect By Radel Fazleev.
12:56 of 3rd period - Shot Misses the Net.
12:56 of 3rd period - Puck is out of play.
12:57 of 3rd period - Daniel Audette wins face-off versus Radel Fazleev in Punishers zone.
13:24 of 3rd period - Icing by John Quenneville.
13:25 of 3rd period - John Quenneville wins face-off versus Daniel O'regan in Punishers zone.
14:58 of 3rd period - Snap shot by Anton Blidh.
14:58 of 3rd period - Shot Misses the Net.
15:00 of 3rd period - Slapshot by Ben Betker.
15:00 of 3rd period - Stopped by Michael Houser with a rebound.
15:02 of 3rd period - Wrist shot by Anton Blidh.
15:02 of 3rd period - Shot Blocked by Reece Willcox.
15:04 of 3rd period - Wrist shot by John Quenneville.
15:04 of 3rd period - Stopped by Michael Houser without a rebound.
15:05 of 3rd period - Daniel Audette wins face-off versus Radel Fazleev in Little Stars zone.
15:06 of 3rd period - Wrist shot by Phillip Danault.
15:06 of 3rd period - Stopped by Michael Houser with a rebound.
15:30 of 3rd period - Fredrik Claesson is hit by Joakim Nygard and loses puck.
15:49 of 3rd period - Minor Penalty to Austen Brassard for Hooking.
15:50 of 3rd period - Shane Gersich wins face-off versus Marcus Karlberg in Punishers zone.
17:36 of 3rd period - Oskar Lindblom is hit by Shane Gersich and loses puck.
17:49 of 3rd period - Penalty to Austen Brassard is over, Austen Brassard is back on ice.
18:02 of 3rd period - Tucker Poolman is hit by Austen Brassard and loses puck.
18:11 of 3rd period - Slapshot by Artem Zub.
18:11 of 3rd period - Stopped by Michael Houser without a rebound.
18:12 of 3rd period - Shane Gersich wins face-off versus John Hayden in Little Stars zone.
18:28 of 3rd period - Minor Penalty to Joakim Nygard for Hooking.
18:29 of 3rd period - John Quenneville wins face-off versus Daniel O'regan in Little Stars zone.
18:29 of 3rd period - Snap shot by Corey Tropp.
18:29 of 3rd period - Stopped by Michael Houser without a rebound.
18:30 of 3rd period - John Quenneville wins face-off versus Daniel O'regan in Little Stars zone.
18:37 of 3rd period - Wrist shot by John Quenneville.
18:37 of 3rd period - Stopped by Michael Houser without a rebound.
18:38 of 3rd period - John Quenneville wins face-off versus Daniel O'regan in Little Stars zone.
18:53 of 3rd period - Snap shot by Anton Blidh.
18:53 of 3rd period - Shot Misses the Net.
18:55 of 3rd period - Snap shot by Corey Tropp.
18:55 of 3rd period - Stopped by Michael Houser without a rebound.
18:56 of 3rd period - Mike Yeo call a timeout for Little Stars.
18:56 of 3rd period - John Quenneville wins face-off versus Daniel O'regan in Little Stars zone.
19:27 of 3rd period - Snap shot by Austen Brassard.
19:27 of 3rd period - Goal by Austen Brassard - Little Stars : 4 - Punishers : 6.
19:28 of 3rd period - Daniel Audette wins face-off versus Radel Fazleev in neutral zone.
Goals for this period are 2 for Little Stars vs 1 for Punishers.
Shots for this period are 9 for Little Stars vs 11 for Punishers.